 Dungeon Crawl Stone Soup version 0.22-a0-284-g99d1f74 (webtiles) character file.

7 Gildeon the Conjurer (level 1, -1/14 HPs)
             Began as a Demigod Conjurer on Mar 20, 2018.
             Slain by a gnoll
             ... wielding a +0 flail
              (8 damage)
             ... on level 1 of the Dungeon.
             The game lasted 00:01:50 (265 turns).

Gildeon the Conjurer (Demigod Conjurer)              Turns: 265, Time: 00:01:50

Health: -1/14      AC:  2    Str: 11    XL:     1   Next: 66%
Magic:  3/6        EV: 12    Int: 19    God:
Gold:   16         SH:  0    Dex: 16    Spells: 3/4 levels left

rFire    . . .     SeeInvis .   (no weapon)
rCold    . . .     Gourm    .   (no shield)
rNeg     . . .     Faith    .   a - +0 robe
rPois    .         Spirit   .   (no helmet)
rElec    .         Reflect  .   (no cloak)
rCorr    .         Harm     .   (no gloves)
MR       .....                  (no boots)
Stlth    ++........             (no amulet)
HPRegen  0.04/turn              (no ring)
MPRegen  0.10/turn              (no ring)

@: no status effects
A: high mp 1
a: no special abilities


You were on level 1 of the Dungeon.
You were not hungry.

You visited 1 branch of the dungeon, and saw 2 of its levels.

You collected 16 gold pieces.

Inventory:

Armour
 a - a +0 robe (worn)
Scrolls
 b - a scroll of enchant armour {unknown}
 d - a scroll of fear {unknown}
 g - a scroll of noise {unknown}
Potions
 e - a potion of heal wounds {unknown}
Comestibles
 c - a ration
 f - 2 chunks of flesh


   Skills:
 - Level 1.7 Dodging
 - Level 1.7 Stealth
 + Level 2.3 Spellcasting
 - Level 3.6 Conjurations


You had 3 spell levels left.
You knew the following spells:

 Your Spells              Type           Power        Failure   Level  Hunger
a - Magic Dart            Conj           ###.         3%          1    #......


Dungeon Overview and Level Annotations

Branches:
Dungeon (2/15)


Innate Abilities, Weirdness & Mutations

You have an increased reservoir of magic. (+10% MP)


Message History

The bat barely misses you. The gnoll hits you with a flail.
Casting: Magic Dart (safe; 3% risk of failure)
Confirm with . or Enter, or press ? or * to list all spells.
Aiming: Magic Dart (safe; 3% risk of failure)
Press: ? - help, Shift-Dir - straight line, f/p - gnoll
Aim: a gnoll, wielding a flail (lightly wounded)
The magic dart hits the gnoll.
The gnoll is moderately wounded.
The bat closely misses you.
Casting: Magic Dart (safe; 3% risk of failure)
Confirm with . or Enter, or press ? or * to list all spells.
Aiming: Magic Dart (safe; 3% risk of failure)
Press: ? - help, Shift-Dir - straight line, f/p - gnoll
Aim: a gnoll, wielding a flail (moderately wounded)
The magic dart hits the gnoll.
The gnoll is moderately wounded.
The bat barely misses you. x2; The gnoll hits you with a flail.
The bat hits you but does no damage. The gnoll hits you with a flail!
Ouch! That really hurt!
You die...

.##########.######
.................##
.)....#.##..###...#
..................#
...#.#.#....##....#
.........#..##....#
...#.#.#.#..##....#
.........#..>#..b.#
...#.#.#.....#.g@.#
.........##..#....#
......#####..#....#
#+##### ##..#....#
#...#....#
#.#.#.#'##
#..#.#.#.#
#.##.#.#.# #.
#.#.#.#


You could see a gnoll and a bat.

Vanquished Creatures
  A bat (D:1)
  3 goblins (D:1)
  A frilled lizard (D:1)
  A kobold (D:1)
6 creatures vanquished.

Notes
Turn   | Place    | Note
-------+----------+-------------------------------------------
     0 | D:1      | Gildeon the Demigod Conjurer began the quest for the Orb.
     0 | D:1      | Reached XP level 1. HP: 14/14 MP: 5/5
   265 | D:1      | Slain by a gnoll

Vault maps used:
D:1:      lemuel_arrival_room, serial_glass, glass_columns_a, glass_columns_a,
          glass_columns_b, glass_columns_b, minmay_tetromino_i4
D:2:      grunt_qazlal_clouds

Skill      XL: |  1 |
---------------+----+-----
Spellcasting   | 2 |  2.3
Dodging        | |  1.7
Stealth        | |  1.7
Conjurations   | |  3.6

Action                   || total
-------------------------++-------
 Cast: Magic Dart        ||    14
Armor: Robe              ||     4
Dodge: Dodged            ||     9

Table legend:
 A = Spawn XP
 B = Non-spawn XP
 C = Spawn XP percentage of total XP
 D = Spawn monster count
 E = Non-spawn monster count
 F = Spawn count percentage of total count
 G = Total turns spent on level
                    A         B        C        D         E        F      G
               +---------+---------+-------+---------+---------+-------+---------
         Total |       0 |      10 |   0.0 |       0 |       6 |   0.0 |   265
               +---------+---------+-------+---------+---------+-------+---------
           D:1 |       0 |      10 |   0.0 |       0 |       6 |   0.0 |   255
               +---------+---------+-------+---------+---------+-------+---------
